 Dungeon Crawl Stone Soup version 0.19-a0-1932-g59670f6 (webtiles) character file.

16246 prinygod the Geomancer (level 12, -11/59 HPs)
             Began as a Gargoyle Earth Elementalist on Oct 26, 2016.
             Was a Believer of Ashenzari.
             Killed from afar by a gargoyle (19 damage)
             ... with a stone arrow
             ... on level 11 of the Dungeon.
             The game lasted 01:33:19 (12361 turns).

prinygod the Geomancer (GrEE)                      Turns: 12361, Time: 01:33:20

Health: -11/59     AC: 16    Str: 13    XL:     12   Next: 35%
Magic:  3/25       EV: 13    Int: 20    God:    Ashenzari [**....]
Gold:   977        SH:  0    Dex: 25    Spells: 8 memorised, 8 levels left

rFire  . . .     SeeInvis .     P - +1 dagger (elec)
rCold  + + +     Gourm    .     B - +2 robe of Baldness {*Drain rC++ Regen+ Dex+3} (curse)
rNeg   + . .     Faith    +     (no shield)
rPois  ∞         Spirit   .     M - +0 helmet
rElec  +         Reflect  .     v - +0 cloak
rCorr  .         Harm     .     g - +0 pair of gloves
MR     .....                    T - +0 pair of boots (curse)
Stlth  ++++......               w - amulet of faith (curse)
                                G - +6 ring of dexterity (curse)
                                I - ring of Adamp {rC+ Dex+6} (curse)

@: no status effects
A: negative energy resistance 1, electricity resistance, unbreathing,
petrification resistance, rot immunity, AC +8
a: Curse Item, Scrying, Renounce Religion


You were on level 11 of the Dungeon.
You worshipped Ashenzari.
Ashenzari was pleased with you.
You were not hungry.

You visited 3 branches of the dungeon, and saw 13 of its levels.
You also visited: Bailey.

You collected 1073 gold pieces.
You spent 96 gold pieces at shops.

Inventory:

Hand Weapons
 P - a +1 dagger of electrocution (weapon)
Missiles
 U - 42 tomahawks of returning (quivered)
Armour
 g - a +0 pair of gloves (worn)
 v - a +0 cloak (worn)
 B - the cursed +2 robe of Baldness (worn) {*Drain rC++ Regen+ Dex+3}
   (You bought it in a shop on level 4 of the Dungeon)

   It affects your dexterity (+3).
   It greatly protects you from cold.
   It increases your rate of regeneration.
   It causes draining when unequipped.
   It has a curse placed upon it.
 M - a +0 helmet (worn)
 T - a cursed +0 pair of boots (worn)
Jewellery
 a - an uncursed ring of positive energy
 l - an uncursed amulet of rage
 w - a cursed amulet of faith (around neck)
 G - a cursed +6 ring of dexterity (right hand)
 I - the cursed ring of Adamp (left hand) {rC+ Dex+6}
   (You took it off a kobold in a bailey)

   [ring of protection from cold]

   It affects your dexterity (+6).
   It protects you from cold.
   It has a curse placed upon it.
 L - a +2 ring of strength
 S - an uncursed ring of protection from magic
Wands
 O - a wand of paralysis (7/24)
 Q - a wand of iceblast (8/15)
 V - a wand of paralysis (14/24)
 X - a wand of lightning (8/15)
 Z - a wand of acid (6/15)
Scrolls
 f - 18 scrolls of identify
 n - 5 scrolls of amnesia {unknown}
 s - 4 scrolls of blinking
 t - 4 scrolls of immolation
 x - 5 scrolls of teleportation
 E - 2 scrolls of enchant weapon {unknown}
 J - a scroll of acquirement {unknown}
 W - a scroll of fog {unknown}
 Y - a scroll of recharging {unknown}
Potions
 c - 2 potions of flight
 m - 5 potions of degeneration {unknown}
 o - 4 potions of heal wounds
 q - a potion of lignification {unknown}
 r - 2 potions of haste {unknown}
 u - 4 potions of agility {unknown}
 z - a potion of might {unknown}
 A - a potion of cancellation {unknown}
 C - a potion of mutation {unknown}
 D - a potion of magic {unknown}
 F - 4 potions of curing {unknown}
 H - 2 potions of cure mutation {unknown}
 K - a potion of berserk rage {unknown}
Books
 e - a book of Geomancy

   Spells                             Type                      Level
   a - Sandblast                      Earth                        1
   b - Passwall                       Transmutation/Earth          2
   c - Stone Arrow                    Conjuration/Earth            3
   d - Petrify                        Transmutation/Earth          4
   e - Lee's Rapid Deconstruction     Earth                        5
 i - a Young Poisoner's Handbook

   Spells                             Type                      Level
   a - Sting                          Conjuration/Poison           1
   b - Mephitic Cloud                 Conjuration/Poison/Air       3
   c - Olgreb's Toxic Radiance        Poison                       4
   d - Alistair's Intoxication        Transmutation/Poison         5
   e - Venom Bolt                     Conjuration/Poison           5
 k - a book of Maledictions

   Spells                             Type                      Level
   a - Corona                         Hexes                        1
   b - Ensorcelled Hibernation        Hexes/Ice                    2
   c - Confuse                        Hexes                        3
   d - Tukima's Dance                 Hexes                        3
   e - Dazzling Spray                 Conjuration/Hexes            3
 N - a book of Air

   Spells                             Type                      Level
   a - Shock                          Conjuration/Air              1
   b - Swiftness                      Charms/Air                   2
   c - Repel Missiles                 Charms/Air                   2
   d - Static Discharge               Conjuration/Air              3
   e - Lightning Bolt                 Conjuration/Air              5
Comestibles
 b - 7 chunks of flesh
 d - 11 bread rations
 h - 10 royal jellies
 j - a slice of pizza
 p - 5 meat rations
 R - 2 fruits


   Skills:
 + Level 5.7 Short Blades
 - Level 1.5 Dodging
 + Level 8.2 Stealth
 * Level 9.5 Spellcasting
 + Level 6.8(9.1) Conjurations
 + Level 1.7(3.4) Charms
 * Level 6.5(8.9) Transmutations
 * Level 12.5(14.4) Earth Magic


You had 8 spell levels left.
You knew the following spells:

 Your Spells              Type           Power        Failure   Level  Hunger
a - Sandblast             Erth           ######       1%          1    None
b - Passwall              Tmut/Erth      ######....   1%          2    None
c - Stone Arrow           Conj/Erth      ######       1%          3    None
d - Petrify               Tmut/Erth      ######..     1%          4    ##.....
e - Lee's Rapid Deconstr  Erth           ######....   1%          5    #####..
f - Dazzling Spray        Conj/Hex       ####..       3%          3    None
g - Repel Missiles        Chrm/Air       ###...       6%          2    None
h - Swiftness             Chrm/Air       ###.....     6%          2    None


Dungeon Overview and Level Annotations

Branches:
Dungeon (11/15)            Temple (1/1) D:7             Orc (1/2) D:10
   Lair: D:8-11

Altars:
Ashenzari
Cheibriados
Dithmenos
Elyvilon
Fedhas
Gozag
Hepliaklqana
Kikubaaqudgha
Makhleb
Nemelex Xobeh
Okawaru
Qazlal
Ru
Sif Muna
Trog
Uskayaw
Vehumet
Xom
Yredelemnul
Zin
The Shining One

Shops:
D:4 ?([(   D:7 (


Innate Abilities, Weirdness & Mutations

You are resistant to torment.
Your stone body is resilient. (AC +8)
You are immune to poison.
You resist negative energy. (rN+)
You are resistant to electric shocks. (rElec)
You can survive without breathing.
You are immune to petrification.
You are immune to rotting.


Message History

The gargoyle hurls a stone arrow at you.
The stone arrow misses you.
Casting: Lee's Rapid Deconstruction
Confirm with . or Enter, or press ? or * to list all spells.
Okay, then.
The gargoyle hits you with a flail of crushing!
You hit the gargoyle but do no damage.
The gargoyle is heavily damaged.
The gargoyle hits you with a flail of crushing!
There is an open door here.
The gargoyle hurls a stone arrow at you.
The stone arrow hits you!
The gargoyle hurls a stone arrow at you.
The stone arrow hits you!
* * * LOW HITPOINT WARNING * * *
A quokka comes into view.
The quokka moves out of view.
The gargoyle hurls a stone arrow at you.
The stone arrow hits you!
You die...

#............# * *
#.........##########,
#.#######.#........#,
#.#######.#........# ,
#...../...#........#
#.........'9.......# ,,
#.........##....##.#, ,,
#...(......#....##.##+#
#......@...#..........#,
#.....<....#..........#
#...###....+..........#
#... .....#..........#,
#... ......##########+#
#............ ,
#............., ,
#.##.......... , * #.
......., *


You could see a gargoyle.

Vanquished Creatures
  Gastronok (D:8)
  Erica (D:10)
  An orc high priest (Orc:1)
  Nergalle (D:11)
  3 skeletal warriors (D:10)
  A wizard (D:10)
  Pikel (D:6)
  An orc knight (Bailey)
  A hill giant (D:10)
  A wolf spider zombie (D:9)
  An orc sorcerer (Orc:1)
  Joseph (D:7)
  Psyche (D:10)
  2 trolls
  Prince Ribbit (D:6)
  A two-headed ogre (D:9)
  A yak (D:8)
  Menkaure (D:4)
  2 wargs (Orc:1)
  4 ice beasts (D:8)
  14 orc warriors
  A hornet zombie (D:10)
  2 slaves (D:5)
  4 phantoms
  An eye of draining (D:10)
  A black bear (D:10)
  A necrophage (D:9)
  2 sky beasts
  6 centaurs
  3 wolves (D:8)
  5 ogres
  3 big kobolds
  2 bullfrogs
  Blork the orc (D:6)
  A water moccasin zombie (D:10)
  2 scorpions
  5 wights
  6 killer bees (D:8)
  An electric eel (D:8)
  4 howler monkeys
  4 crimson imps
  A bullfrog zombie (D:7)
  3 jellies (D:8)
  2 bullfrog skeletons
  7 orc priests
  A centaur skeleton (D:5)
  2 gnoll shamans (D:3)
  5 hounds
  4 iguanas
  5 orc wizards
  7 worker ants
  A hound zombie (D:5)
  A howler monkey zombie (D:6)
  12 gnolls
  A howler monkey skeleton (D:6)
  12 adders
  A shadow imp (D:6)
  A white imp (D:8)
  A worker ant simulacrum (D:8)
  6 oozes
  An adder skeleton (D:7)
  5 worms
  2 dart slugs
  8 leopard geckos
  52 orcs
  A ball python (D:3)
  3 bats
  5 giant cockroaches
  9 goblins
  9 hobgoblins
  6 jackals
  34 kobolds
  4 quokkas
  A ball python zombie (D:5)
  12 frilled lizards
  A leopard gecko skeleton (D:5)
  7 rats
329 creatures vanquished.

Vanquished Creatures (others)
  Eustachio (D:6)
  A worker ant (D:6)
  An adder (D:6)
3 creatures vanquished.

Grand Total: 332 creatures vanquished

Notes
Turn   | Place    | Note
-------+----------+-------------------------------------------
     0 | D:1      | prinygod the Gargoyle Earth Elementalist began the quest for the Orb.
     0 | D:1      | Reached XP level 1. HP: 10/10 MP: 3/3
    10 | D:1      | Reached skill level 4 in Earth Magic
    76 | D:1      | Reached XP level 2. HP: 15/15 MP: 3/5
   336 | D:1      | Learned a level 2 spell: Passwall
   546 | D:2      | Reached XP level 3. HP: 18/19 MP: 2/6
   555 | D:2      | Learned a level 3 spell: Stone Arrow
   576 | D:2      | Reached skill level 1 in Transmutations
   964 | D:2      | Reached XP level 4. HP: 19/24 MP: 3/8
  1079 | D:2      | Reached skill level 5 in Earth Magic
  1158 | D:2      | Found a blossoming altar of Fedhas.
  1159 | D:2      | Found a sparkling altar of Nemelex Xobeh.
  1507 | D:3      | Found a white marble altar of Elyvilon.
  1563 | D:3      | Reached XP level 5. HP: 28/28 MP: 3/9
  1819 | D:3      | Found a basalt altar of Yredelemnul.
  1864 | D:4      | Found Nezadgh's Antique Armour Boutique.
  1890 | D:4      | Found a sacrificial altar of Ru.
  1916 | D:4      | Reached XP level 6. HP: 18/32 MP: 1/11
  2046 | D:4      | Noticed Menkaure
  2053 | D:4      | Learned a level 4 spell: Petrify
  2057 | D:4      | Killed Menkaure
  2057 | D:4      | Reached skill level 6 in Earth Magic
  2382 | D:4      | Reached XP level 7. HP: 36/36 MP: 9/13
  2405 | D:4      | Found Xoanaup's Weapon Boutique.
  2429 | D:4      | Found Diudek's Weapon Shop.
  3852 | D:4      | Learned a level 5 spell: Lee's Rapid Deconstruction
  3940 | D:4      | Found a radiant altar of Vehumet.
  4027 | D:4      | Bought a heavily jewelled robe for 96 gold pieces
  4037 | D:4      | Identified the +2 robe of Baldness {*Drain rC++ Regen+ Dex+3} (You bought it in a shop on level 4 of the Dungeon)
  4096 | D:4      | Reached skill level 7 in Earth Magic
  4113 | D:4      | Found Ywiurako's Magic Scroll Shoppe.
  4202 | D:5      | Entered Level 5 of the Dungeon
  4214 | D:4      | Reached skill level 1 in Short Blades
  4214 | D:4      | Reached skill level 5 in Spellcasting
  4214 | D:4      | Reached skill level 1 in Conjurations
  4214 | D:4      | Reached XP level 8. HP: 40/41 MP: 8/15
  4940 | D:5      | Found an ancient bone altar of Kikubaaqudgha.
  5227 | D:6      | Reached skill level 8 in Earth Magic
  5238 | D:6      | Noticed Prince Ribbit
  5239 | D:6      | Noticed Blork the orc
  5246 | D:6      | Killed Prince Ribbit
  5246 | D:6      | Reached skill level 5 in Stealth
  5246 | D:6      | Reached XP level 9. HP: 45/45 MP: 4/18
  5412 | D:6      | Killed Blork the orc
  5539 | D:6      | Noticed Pikel
  5705 | D:6      | Noticed Eustachio
  5725 | D:6      | Killed Pikel
  5830 | D:6      | Killed Eustachio
  5904 | D:6      | Found a glowing silver altar of Zin.
  6059 | D:6      | Reached skill level 9 in Earth Magic
  6462 | D:6      | Got a shimmering hunting sling
  6463 | D:6      | Identified the +4 hunting sling "Ygell" {venom, rF+} (You found it on level 6 of the Dungeon)
  6613 | D:7      | Noticed Joseph
  6625 | D:7      | Killed Joseph
  6658 | D:7      | Found a staircase to the Ecumenical Temple.
  6667 | Temple   | Entered the Ecumenical Temple
  6691 | Temple   | Became a worshipper of Ashenzari the Shackled
  6802 | D:7      | Found Eganep's Antique Weapon Emporium.
  7386 | D:7      | Reached XP level 10. HP: 50/50 MP: 1/20
  7718 | D:8      | Reached skill level 10 in Earth Magic
  7761 | D:8      | Learned a level 3 spell: Dazzling Spray
  8402 | D:8      | Noticed Gastronok
  8763 | D:8      | Killed Gastronok
  8763 | D:8      | Reached skill level 5 in Conjurations
  8763 | D:8      | Reached skill level 11 in Earth Magic
  8763 | D:8      | Reached XP level 11. HP: 54/54 MP: 11/23
  8791 | D:8      | Reached * piety under Ashenzari
  9560 | D:10     | Entered Level 10 of the Dungeon
  9693 | D:10     | Noticed Erica
  9702 | D:10     | Killed Erica
  9702 | D:10     | Reached skill level 5 in Transmutations
  9903 | D:10     | Noticed a hill giant
  9906 | D:10     | Killed a hill giant
  9906 | D:10     | Reached skill level 5 in Short Blades
  9925 | D:10     | Noticed Psyche
  9933 | D:10     | Killed Psyche
 10072 | D:10     | Noticed a skeletal warrior
 10075 | D:10     | Noticed a skeletal warrior
 10083 | D:10     | Noticed a skeletal warrior
 10108 | D:10     | Killed a skeletal warrior
 10185 | D:10     | Killed a skeletal warrior
 10348 | D:10     | Noticed a wizard
 10352 | D:10     | Killed a wizard
 10435 | D:10     | Learned a level 2 spell: Repel Missiles
 10438 | D:10     | Learned a level 2 spell: Swiftness
 10517 | D:10     | Reached skill level 12 in Earth Magic
 11011 | D:10     | Killed a skeletal warrior
 11056 | D:10     | Found a staircase to the Orcish Mines.
 11061 | Orc:1    | Entered Level 1 of the Orcish Mines
 11077 | Orc:1    | Noticed an orc high priest
 11077 | Orc:1    | Noticed an orc sorcerer
 11101 | Orc:1    | Found a flagged portal.
 11133 | Bailey   | Entered a bailey
 11155 | Bailey   | Noticed an orc knight
 11232 | Bailey   | Reached XP level 12. HP: 59/59 MP: 0/25
 11516 | Bailey   | Reached skill level 1 in Charms
 11554 | Bailey   | Identified the ring of Adamp {rC+ Dex+6} (You took it off a kobold in a bailey)
 11844 | Orc:1    | Reached ** piety under Ashenzari
 11905 | Orc:1    | Killed an orc high priest
 12215 | D:11     | Noticed Nergalle
 12223 | D:11     | Killed Nergalle
 12361 | D:11     | Killed from afar by a gargoyle

Vault maps used:
D:1:      dpeg_arrival_long_road
D:2:      gammafunk_temple_overflow_wave, serial_curves, eino_curves_01,
          eino_curves_02, minmay_lizard_king
D:3:      kennysheep_ying_yang, first_bread
D:4:      old_standard_altar, nicolae_ru_great_annihilating_truth, serial_shops,
          shop, nicolae_shop_temple_entry_statues_fountains,
          kennysheep_little_box, shop_statue, uniq_menkaure
D:5:      lemuel_round_altar
D:6:      zin_treasury, uniq_prince_ribbit1, uniq_eustachio, uniq_pikel,
          uniq_blork_the_orc
D:7:      serial_shops, shop, uniq_joseph
D:8:      serial_ice, serial_ice_o, serial_ice_a, serial_ice_i, serial_ice_h,
          minmay_misc_feat_x, hangedman_little_slice_of_home, uniq_gastronok
D:10:     hiddenorc1_lemuel, minmay_librarian, uniq_erica, uniq_psyche
D:11:     dpeg_oklobed_lair, minmay_the_grid_2x2, uniq_nergalle
Temple:   dshaligram_water_room_temple
Orc:1:    enter_bailey_2
Bailey:   bailey_axe_4, bailey

Skill      XL: |  1  2  3  4  5  6  7  8  9 10 11 12 |
---------------+-------------------------------------+-----
Earth Magic    | 4 5 6 7 8 9 11 12 | 12.5
Transmutations | 1 2 3 4 6 |  6.5
Spellcasting   | 3 4 5 6 7 8 9 |  9.5
Stealth        | 3 4 5 6 7 8 |  8.2
Short Blades   | 1 2 3 4 5 |  5.7
Conjurations   | 1 2 4 5 6 |  6.8
Charms         | 1 |  1.7
Dodging        | |  1.5

Action                   |  1- 3 |  4- 6 |  7- 9 | 10-12 || total
-------------------------+-------+-------+-------+-------++-------
Melee: Dagger            |    58 |    18 |   185 |   325 ||   586
 Cast: Sandblast         |    40 |    81 |    41 |       ||   162
       Petrify           |       |     1 |    13 |    58 ||    72
       Stone Arrow       |       |       |   108 |    51 ||   159
       Lee's Rapid Decon |       |       |     4 |    29 ||    33
       Repel Missiles    |       |       |       |     2 ||     2
Invok: Curse Item        |       |       |       |     4 ||     4
 Abil: Evoke Berserk Rag |       |       |     1 |       ||     1
  Use: Scroll            |       |       |     7 |       ||     7
       Potion            |       |       |       |     3 ||     3
 Stab: Petrified         |       |     5 |    24 |    54 ||    83
       Distracted        |       |     1 |       |     2 ||     3
       Petrifying        |       |       |     1 |    10 ||    11
       Sleeping          |       |       |     1 |    12 ||    13
  Eat: Chunk             |     1 |     4 |    23 |    24 ||    52
       Fruit             |       |       |     2 |       ||     2
       Pizza             |       |       |     1 |     1 ||     2
       Beef jerky        |       |       |       |     1 ||     1
       Royal jelly       |       |       |       |     1 ||     1
Armor: Robe              |    30 |    13 |    86 |   136 ||   265
Dodge: Dodged            |    77 |    15 |   159 |   186 ||   437
       Deflected         |       |       |       |     4 ||     4
